 Dungeon Crawl Stone Soup version 0.20.1-1-g8b1a95d (webtiles) character file.

2492 tilt the Geomancer (level 9, 0/45 HPs)
             Began as a Gargoyle Earth Elementalist on Nov 4, 2017.
             Slain by a killer bee (4 damage)
             ... on level 7 of the Dungeon.
             The game lasted 00:33:57 (6164 turns).

tilt the Geomancer (Gargoyle Earth Elementalist)    Turns: 6164, Time: 00:33:58

Health: 0/45       AC: 12    Str: 16    XL:     9   Next: 52%
Magic:  1/19       EV: 17    Int: 20    God:
Gold:   260        SH:  2    Dex: 15    Spells: 18/22 levels left

rFire    . . .     SeeInvis .   y - +3 short sword of Fadghigh {drain, rC+ Str+3 Int+2} (curse)
rCold    + + .     Gourm    .   (no shield)
rNeg     + . .     Faith    .   c - +1 robe
rPois    ∞         Spirit   .   x - +0 helmet
rElec    +         Reflect  +   (no cloak)
rCorr    .         Harm     .   k - +2 pair of gloves
MR       .....                  (no boots)
Stlth    +++.......             h - +2 amulet of reflection
Regen    0.2/turn               i - ring of protection from cold
MPRegen  0.2/turn               (no ring)

@: agile
A: negative energy resistance 1, electricity resistance, unbreathing,
petrification resistance, rot immunity, AC +5
a: no special abilities


You were on level 7 of the Dungeon.
You were hungry.

You visited 1 branch of the dungeon, and saw 7 of its levels.

You collected 404 gold pieces.
You spent 144 gold pieces at shops.

Inventory:

Hand Weapons
 y - the cursed +3 short sword of Fadghigh (weapon) {drain, rC+ Str+3 Int+2}
   (You bought it in a shop on level 4 of the Dungeon)

   A truly terrible weapon, it drains the life of those it strikes.
   It affects your strength (+3).
   It affects your intelligence (+2).
   It protects you from cold.
   It has a curse placed upon it.
Missiles
 b - 165 stones (quivered)
Armour
 c - a +1 robe (worn)
 k - a +2 pair of gloves (worn)
 x - a +0 helmet (worn)
Jewellery
 h - a +2 amulet of reflection (around neck)
 i - a ring of protection from cold (left hand)
 C - an uncursed amulet of rage {unknown}
 D - a +3 ring of evasion {unknown}
Wands
 B - a wand of digging (14/24)
 F - a wand of flame (27/48)
Scrolls
 g - 8 scrolls of identify
 j - 9 scrolls of teleportation
 o - 7 scrolls of remove curse
 q - 3 scrolls of enchant armour
 r - a scroll of magic mapping {unknown}
 u - a scroll of fog {unknown}
 w - 2 scrolls of enchant weapon {unknown}
 z - 2 scrolls of amnesia {unknown}
Potions
 m - 2 potions of berserk rage
 n - 2 potions of agility
 p - a potion of might {unknown}
 s - 2 potions of haste {unknown}
 t - a potion of flight {unknown}
 A - 2 potions of heal wounds {unknown}
 E - a potion of brilliance {unknown}
Books
 e - a book of Geomancy

   Spells                             Type                      Level
   a - Sandblast                      Earth                        1
   b - Passwall                       Transmutation/Earth          2
   c - Stone Arrow                    Conjuration/Earth            3
   d - Petrify                        Transmutation/Earth          4
   e - Lee's Rapid Deconstruction     Earth                        5
 v - a book of Minor Magic

   Spells                             Type                      Level
   a - Magic Dart                     Conjuration                  1
   b - Blink                          Translocation                2
   c - Call Imp                       Summoning                    2
   d - Slow                           Hexes                        2
   e - Conjure Flame                  Conjuration/Fire             3
   f - Mephitic Cloud                 Conjuration/Poison/Air       3
Comestibles
 a - 4 royal jellies
 d - 7 bread rations
 l - 10 fruits
 H - a meat ration


   Skills:
 - Level 1.5 Dodging
 - Level 2.1 Stealth
 + Level 7.2 Spellcasting
 + Level 7.1 Conjurations
   Level 0.7 Transmutations
 + Level 9.7 Earth Magic


You had 18 spell levels left.
You knew the following spells:

 Your Spells              Type           Power        Failure   Level  Hunger
a - Sandblast             Erth           #####.       1%          1    None
b - Stone Arrow           Conj/Erth      #####.       1%          3    #......


Dungeon Overview and Level Annotations

Branches:
Dungeon (7/15)
 Temple: D:4-7

Altars:
Ashenzari

Shops:
D:4 (   D:6 *


Innate Abilities, Weirdness & Mutations

You are resistant to torment.
Your stone body is resilient. (AC +5)
You are immune to poison.
You resist negative energy. (rN+)
You are resistant to electric shocks. (rElec)
You can survive without breathing.
You are immune to petrification.
You are immune to rotting.


Message History

Casting: Stone Arrow
Confirm with . or Enter, or press ? or * to list all spells.
Aiming: Sandblast
Press: ? - help, Shift-Dir - straight line, f - spriggan baker
Aim: a spriggan baker, wielding a dagger and wearing a robe The blast of sand hits the spriggan baker.
The spriggan baker is almost dead.
b - 166 stones The spriggan baker hits you with a dagger!
* * * LOW HITPOINT WARNING * * *
Casting: Sandblast
Confirm with . or Enter, or press ? or * to list all spells.
Aiming: Sandblast
Press: ? - help, Shift-Dir - straight line, f/p - spriggan baker
Aim: a spriggan baker, wielding a dagger and wearing a robe (almost dead)
The blast of sand hits the spriggan baker.
You kill the spriggan baker!
b - 165 stones The killer bee stings you.
You die...

#......#.....#
#.
#..†...#........
#.
##.....#........
#.
#.....########..
#. #.....# .. +.
##'#### #. #S.#
#y## #%@# ####


You could see a killer bee and an adder.

Vanquished Creatures
  Grinder (D:3)
  A spriggan (D:7)
  Duvessa (D:4)
  3 ogres
  4 centaurs
  2 bullfrogs (D:6)
  3 scorpions
  Dowan (D:4)
  4 killer bees (D:7)
  4 wights (D:6)
  A howler monkey (D:5)
  A jelly (D:5)
  2 centaur skeletons
  An orc priest (D:6)
  3 hounds
  4 orc wizards
  2 bullfrog skeletons
  Jessica (D:2)
  An iguana (D:6)
  3 worker ants
  4 gnolls (D:3)
  11 adders
  3 worms (D:2)
  A dart slug (D:1)
  7 leopard geckos
  28 orcs
  A ball python (D:3)
  9 bats
  6 giant cockroaches
  8 goblins
  11 hobgoblins
  12 jackals
  5 kobolds
  5 quokkas
  8 frilled lizards
  6 rats
168 creatures vanquished.

Notes
Turn   | Place    | Note
-------+----------+-------------------------------------------
     0 | D:1      | tilt the Gargoyle Earth Elementalist began the quest for the Orb.
     0 | D:1      | Reached XP level 1. HP: 10/10 MP: 3/3
   248 | D:1      | Reached XP level 2. HP: 15/15 MP: 1/5
   271 | D:1      | Reached skill level 4 in Earth Magic
   856 | D:2      | Reached XP level 3. HP: 19/19 MP: 3/6
   916 | D:2      | Noticed Jessica
   929 | D:2      | Killed Jessica
  1100 | D:2      | Reached XP level 4. HP: 24/24 MP: 3/8
  1408 | D:2      | Reached skill level 5 in Earth Magic
  1690 | D:3      | Reached XP level 5. HP: 5/28 MP: 0/10
  2139 | D:3      | Found a shattered altar of Ashenzari.
  2396 | D:3      | Learned a level 3 spell: Stone Arrow
  2508 | D:3      | Noticed Grinder
  2518 | D:3      | Killed Grinder
  2518 | D:3      | Reached skill level 6 in Earth Magic
  2518 | D:3      | Reached XP level 6. HP: 27/32 MP: 0/12
  2963 | D:3      | Reached XP level 7. HP: 32/36 MP: 3/13
  3249 | D:4      | Noticed Duvessa
  3249 | D:4      | Noticed Dowan
  3252 | D:4      | Killed Dowan
  3262 | D:4      | Killed Duvessa
  3262 | D:4      | Reached skill level 7 in Earth Magic
  3530 | D:4      | Reached skill level 5 in Spellcasting
  3724 | D:4      | Found Jyaxzac's Antique Weapon Shop.
  3737 | D:4      | Bought a translucent short sword for 144 gold pieces
  3737 | D:4      | Identified the cursed +3 short sword of Fadghigh {drain, rC+ Str+3 Int+2} (You bought it in a shop on level 4 of the Dungeon)
  4053 | D:5      | Entered Level 5 of the Dungeon
  4183 | D:5      | Reached XP level 8. HP: 28/41 MP: 16/16
  4506 | D:5      | Reached skill level 8 in Earth Magic
  4537 | D:5      | Reached skill level 5 in Conjurations
  5297 | D:6      | Reached XP level 9. HP: 45/45 MP: 11/18
  5306 | D:6      | Reached skill level 9 in Earth Magic
  5653 | D:6      | Found Sicex's General Store.
  6164 | D:7      | Slain by a killer bee

Skill      XL: |  1  2  3  4  5  6  7  8  9 |
---------------+----------------------------+-----
Earth Magic    | 4 5 6 7 8 9 |  9.7
Spellcasting   | 3 4 5 6 7 |  7.2
Conjurations   | 2 4 6 7 |  7.1
Dodging        | |  1.5
Stealth        | |  2.1
Transmutations | |  0.7

Action                   |  1- 3 |  4- 6 |  7- 9 || total
-------------------------+-------+-------+-------++-------
Melee: Staff             |       |    44 |    30 ||    74
       Short sword       |       |       |   194 ||   194
 Cast: Sandblast         |    41 |    87 |    42 ||   170
       Stone Arrow       |       |     3 |    54 ||    57
  Use: Scroll            |       |     4 |       ||     4
       Potion            |       |       |     5 ||     5
 Stab: Sleeping          |       |       |     1 ||     1
  Eat: Chunk             |     1 |     6 |    11 ||    18
Armor: Robe              |     2 |    38 |   163 ||   203
Dodge: Dodged            |     4 |    62 |   262 ||   328
Block: Other             |       |     7 |    20 ||    27
